 Dungeon Crawl Stone Soup version 0.25-a0-41-g6cf4ce5 (webtiles) character file.

Game seed: 16912890864513858312, levelgen mode: classic

6809 thirtylives the Spear-Bearer (level 10, -15/88 HPs)
             Began as a Minotaur Berserker on Feb 8, 2019.
             Was an Elder of Trog.
             Demolished by a slime creature (18 damage)
             ... on level 9 of the Dungeon on Oct 22, 2019.
             The game lasted 01:20:06 (7266 turns).

thirtylives the Spear-Bearer (Minotaur Berserker)   Turns: 7266, Time: 01:20:10

Health: -15/88     AC:  8    Str: 26    XL:     10   Next: 77%
Magic:  9/9        EV: 20    Int:  4    God:    Trog [****..]
Gold:   329        SH:  5    Dex:  9    Spells: 9/9 levels left

rFire    + . .     SeeInvis .   B - +5 halberd (freeze)
rCold    + . .     Gourm    .   (shield currently unavailable)
rNeg     . . .     Faith    .   v - +2 ring mail {rF+}
rPois    .         Spirit   .   b - +0 hat
rElec    +         Reflect  +   (no cloak)
rCorr    .         Harm     .   (no gloves)
MR       ++...                  (no boots)
Stlth    +.........             x - +5 amulet of reflection
HPRegen  1.24/turn              F - ring "Kurig" {+Blink rElec rF+ EV+6}
MPRegen  0.11/turn              r - ring of ice

@: regenerating
A: retaliatory headbutt, horns 2
a: Berserk, Trog's Hand, Brothers in Arms, Renounce Religion, Evoke Blink


You were on level 9 of the Dungeon.
You worshipped Trog.
Trog was greatly pleased with you.
You were very hungry.

You visited 2 branches of the dungeon, and saw 9 of its levels.

You collected 329 gold pieces.

Inventory:

Hand Weapons
 o - a +3 morningstar
 w - a +0 scythe of pain
 B - a +5 halberd of freezing (weapon)
 H - a +2 lajatang of protection
Missiles
 i - 28 poisoned darts (quivered)
 m - a throwing net
Armour
 b - a +0 hat (worn)
 v - a +2 ring mail of fire resistance (worn)
 A - a +1 robe of cold resistance
Jewellery
 q - an uncursed ring of fire
 r - a ring of ice (right hand)
 x - a +5 amulet of reflection (around neck)
 y - an uncursed ring of poison resistance
 F - the ring "Kurig" (left hand) {+Blink rElec rF+ EV+6}
   (You found it on level 8 of the Dungeon)

   [ring of evasion]

   It affects your evasion (+6).
   It protects you from fire.
   It insulates you from electricity.
   It lets you blink.
 G - an uncursed ring of positive energy
Wands
 e - a wand of flame (10)
 E - a wand of iceblast (11)
Scrolls
 n - 3 scrolls of magic mapping
 t - 2 scrolls of remove curse
 u - 4 scrolls of fog
 z - a scroll of teleportation
 D - 2 scrolls of blinking
Potions
 a - a potion of invisibility
 f - 2 potions of heal wounds
 g - 5 potions of curing
 h - a potion of flight {unknown}
 j - a potion of haste {unknown}
 k - a potion of agility {unknown}
 p - a potion of cancellation {unknown}
 s - a potion of mutation {unknown}
 I - a potion of magic {unknown}
Comestibles
 c - 5 rations


   Skills:
 + Level 8.0 Fighting
 + Level 8.0 Maces & Flails
 + Level 11.3 Polearms
 + Level 3.2 Throwing
 + Level 8.5 Armour
 + Level 7.6 Dodging
 + Level 1.7 Stealth
 + Level 0.6 Evocations


You had 9 spell levels left.
You didn't know any spells.
Your spell library was empty.

Dungeon Overview and Level Annotations

Branches:
Dungeon (9/15)             Temple (1/1) D:7            Lair (0/6) D:9
    Orc: D:9-12

Altars:
Ashenzari
Cheibriados
Dithmenos
Elyvilon
Fedhas
Gozag
Hepliaklqana
Kikubaaqudgha
Makhleb
Nemelex Xobeh
Okawaru
Qazlal
Ru
Sif Muna
Trog
Uskayaw
Vehumet
Wu Jian
Xom
The Shining One


Innate Abilities, Weirdness & Mutations

You reflexively headbutt those who attack you in melee.
You have a pair of horns on your head.


Message History

The slime creature hits you but does no damage.
The slime creature hits you!
* * * LOW HITPOINT WARNING * * *
You fail to use your ability.
The slime creature misses you. You furiously retaliate!
You headbutt the slime creature! The slime creature closely misses you.
The slime creature hits you.
* * * LOW HITPOINT WARNING * * *
Unknown command.
Your skin crawls.
You feel resistant to hostile enchantments.
You feel somewhat more hungry. The slime creature hits you!
* * * LOW HITPOINT WARNING * * *
The slime creature barely misses you. The slime creature misses you.
You slice the slime creature!! You freeze the slime creature.
You kill the slime creature!
Trog accepts your kill.
Your Fighting skill increases to level 8!
Your Throwing skill increases to level 3!
The slime creature hits you!!
You die...

.##..##.).##..#
###'###...##..#
#........#..#
#........#..#
##.##...##..#
#.##...##..# ###
##.##...##..####..##..
#.#.......'.....J.(((..
#. #.##...##....@(..(...
.# #.##...##.....J......
(###.##...##.$#..#...#..
......#...##..########
......#...#....
......#...#.)..#
.########.###.## ##


You could see 2 slime creatures.

Vanquished Creatures
  A two-headed ogre (D:8)
  A hornet (D:9)
  4 slime creatures (D:9)
  2 hippogriffs (D:8)
  Sigmund (D:4)
  5 yaks
  A basilisk (D:9)
  3 porcupines (D:8)
  An orc warrior (D:9)
  A black bear (D:9)
  A necrophage (D:9)
  2 sky beasts
  2 phantoms
  4 ogres
  2 centaurs
  2 crocodiles (D:8)
  3 bullfrogs
  A scorpion (D:7)
  12 killer bees
  11 wights
  8 howler monkeys
  2 crimson imps
  A quasit (D:7)
  An orc priest (D:3)
  4 hounds
  5 jellies
  A centaur skeleton (D:7)
  3 iguanas
  Terence (D:2)
  A worker ant (D:4)
  A hound skeleton (D:6)
  A howler monkey skeleton (D:9)
  8 adders
  3 oozes
  An adder skeleton (D:9)
  A worm (D:7)
  2 dart slugs
  3 leopard geckos
  13 orcs
  10 bats
  2 giant cockroaches
  8 goblins
  6 hobgoblins
  3 jackals (D:6)
  6 kobolds
  A ball python skeleton (D:4)
  2 frilled lizards
  A quokka skeleton (D:7)
  5 rats
164 creatures vanquished.

Vanquished Creatures (others)
  A centaur (D:7)
1 creature vanquished.

Grand Total: 165 creatures vanquished

Notes
Turn   | Place    | Note
-------+----------+-------------------------------------------
     0 | D:1      | thirtylives the Minotaur Berserker began the quest for the
                  | Orb.
     0 | D:1      | Reached XP level 1. HP: 19/19 MP: 0/0
   224 | D:1      | Reached XP level 2. HP: 13/27 MP: 1/1
   972 | D:1      | Reached XP level 3. HP: 26/33 MP: 2/2
  1184 | D:2      | Noticed Terence
  1203 | D:2      | Killed Terence
  1480 | D:2      | Reached XP level 4. HP: 41/41 MP: 3/3
  1481 | D:2      | Reached ** piety under Trog
  1612 | D:3      | Reached skill level 5 in Maces & Flails
  1640 | D:3      | Found a hazy altar of Hepliaklqana.
  1870 | D:3      | Noticed a -3 hand axe
  1870 | D:3      | Noticed a +0 dagger
  1888 | D:3      | Found a hide-covered altar of Uskayaw.
  1896 | D:3      | Reached XP level 5. HP: 47/47 MP: 4/4
  2379 | D:4      | Noticed an ogre
  2384 | D:4      | Killed an ogre
  2384 | D:4      | Reached XP level 6. HP: 55/55 MP: 5/5
  2446 | D:4      | Noticed Sigmund
  2471 | D:4      | Killed Sigmund
  2471 | D:4      | Reached skill level 5 in Fighting
  2842 | D:4      | You fall through a shaft for 2 floors!
  2856 | D:6      | Upgraded the game from 0.24-a0-91-g4e4936a to
                  | 0.24-a0-106-gcea5463
  2904 | D:6      | Reached XP level 7. HP: 58/61 MP: 6/6
  2911 | D:6      | Reached skill level 5 in Armour
  2979 | D:6      | Reached skill level 1 in Stealth
  2981 | D:6      | Reached *** piety under Trog
  3031 | D:6      | Reached skill level 1 in Polearms
  3080 | D:6      | Reached XP level 8. HP: 48/69 MP: 7/7
  3104 | D:6      | Reached skill level 2 in Polearms
  3390 | D:7      | Reached skill level 3 in Polearms
  3445 | D:7      | Reached skill level 5 in Dodging
  3452 | D:7      | Reached skill level 4 in Polearms
  3577 | D:7      | Found a shimmering altar of Xom.
  3886 | D:7      | Found a shadowy altar of Dithmenos.
  3903 | D:7      | Found a staircase to the Ecumenical Temple.
  3940 | Temple   | Entered the Ecumenical Temple
  4137 | D:7      | Found a snail-covered altar of Cheibriados.
  4166 | D:7      | Reached skill level 5 in Polearms
  4561 | D:7      | Upgraded the game from 0.24-a0-106-gcea5463 to
                  | 0.24-a0-108-g011bc4b
  4648 | D:7      | Reached skill level 6 in Polearms
  4728 | D:7      | Reached XP level 9. HP: 75/75 MP: 8/8
  5150 | D:8      | Found an ancient bone altar of Kikubaaqudgha.
  5157 | D:8      | Got a translucent bronze ring
  5269 | D:8      | Reached skill level 7 in Polearms
  5305 | D:8      | Found a sparkling altar of Nemelex Xobeh.
  5521 | D:8      | Found an opulent altar of Gozag.
  5568 | D:8      | Found a sacrificial altar of Ru.
  5591 | D:8      | Reached skill level 8 in Polearms
  5634 | D:8      | Reached **** piety under Trog
  5678 | D:8      | Upgraded the game from 0.24-a0-108-g011bc4b to
                  | 0.24-a0-114-g5d539f0
  5678 | D:8      | Upgraded the game from 0.24-a0-114-g5d539f0 to
                  | 0.24-a0-120-g429d40e
  5678 | D:8      | Upgraded the game from 0.24-a0-120-g429d40e to
                  | 0.24-a0-201-gf205589
  5678 | D:8      | Upgraded the game from 0.24-a0-201-gf205589 to
                  | 0.25-a0-41-g6cf4ce5
  5963 | D:9      | Noticed a two-headed ogre
  5967 | D:8      | Reached skill level 9 in Polearms
  5968 | D:8      | HP: 5/117 [yak (3)]
  6282 | D:8      | Identified the ring "Kurig" {+Blink rElec rF+ EV+6} (You
                  | found it on level 8 of the Dungeon)
  6301 | D:8      | Reached XP level 10. HP: 56/84 MP: 9/9
  6308 | D:8      | Killed a two-headed ogre
  6308 | D:8      | Reached skill level 10 in Polearms
  6977 | D:9      | Found a staircase to the Lair.
  7106 | D:9      | Reached skill level 1 in Throwing
  7136 | D:9      | Reached skill level 11 in Polearms
  7152 | D:9      | Paralysed by a hornet for 2 turns
  7265 | D:9      | HP: 2/88 [slime creature (14)]
  7266 | D:9      | Demolished by a slime creature

Levels and vault maps discovered:
D:1:      dpeg_arrival_lava_temple_mockup, layout_basic
D:2:      layout_basic, kennysheep_generic_room_12, uniq_terence
D:3:      layout_rooms, dancing_weapons_uskayaw, old_standard_altar, minivault_5
D:4:      layout_loops_ring, first_ration, uniq_sigmund
D:6:      layout_rooms
D:7:      layout_basic, slow_altar_1, kennysheep_mini_moat, temple_fountains,
          basic_altar, supply_closet_lemuel
D:8:      layout_cave_pods, lemuel_round_altar, nicolae_overflow_crystal_walls,
          grunt_gozag_breadcrumbs, basic_altar
D:9:      layout_gridville, zin_purify, minmay_lair_entry_grove, orc_0_dummy,
          hangedman_pestilent_swarm
Temple:   eino_temple_lava

Skill      XL: |  1  2  3  4  5  6  7  8  9 10 |
---------------+-------------------------------+-----
Maces & Flails | 4 5 6 7 8 |  8.0
Fighting       | 4 5 6 8 |  8.0
Dodging        | 3 4 5 6 7 |  7.6
Armour         | 3 4 6 7 8 |  8.5
Stealth        | 1 |  1.7
Polearms       | 1 6 9 11 | 11.3
Throwing       | 3 |  3.2
Evocations     | |  0.6

Action                   |  1- 3 |  4- 6 |  7- 9 | 10-12 || total
-------------------------+-------+-------+-------+-------++-------
Melee: Mace              |    75 |   106 |    33 |       ||   214
       Headbutt          |    13 |    24 |    42 |    12 ||    91
       Unarmed           |       |     1 |       |       ||     1
       Halberd           |       |       |   190 |    80 ||   270
Throw: Dart              |       |       |     3 |    40 ||    43
Invok: Berserk           |       |     1 |     5 |     2 ||     8
       Trog's Hand       |       |     1 |     5 |     2 ||     8
Evoke: Wand              |       |     2 |     1 |     1 ||     4
  Use: Potion            |     2 |       |     2 |       ||     4
       Scroll            |     5 |     4 |     8 |     1 ||    18
  Eat: Ration            |     1 |     2 |     4 |     1 ||     8
       Chunk             |       |       |       |     2 ||     2
Armor: Animal skin       |    15 |       |       |       ||    15
       Scale mail        |    12 |    23 |       |       ||    35
       Ring mail         |       |     8 |   104 |    16 ||   128
Dodge: Dodged            |    52 |    66 |   226 |    73 ||   417
Block: Other             |       |     1 |    74 |    17 ||    92
       Reflection        |       |       |     2 |       ||     2

Table legend:
 A = Non-vault XP
 B = Vault XP
 C = Vault XP percentage of total XP
 D = Non-vault monster count
 E = Vault monster count
 F = Vault count percentage of total count
                 A         B        C        D         E       F
            +---------+---------+-------+---------+---------+-------
      Total |    7304 |    2424 |  24.9 |     149 |      16 |   9.7
            +---------+---------+-------+---------+---------+-------
        D:1 |      50 |       0 |   0.0 |      25 |       0 |   0.0
        D:2 |      15 |      36 |  70.6 |       9 |       1 |  10.0
        D:3 |     161 |       0 |   0.0 |      19 |       0 |   0.0
        D:4 |     198 |     208 |  51.2 |       5 |       1 |  16.7
        D:6 |     969 |       0 |   0.0 |      25 |       0 |   0.0
        D:7 |    1208 |       5 |   0.4 |      18 |       1 |   5.3
        D:8 |    2447 |    1447 |  37.2 |      22 |       9 |  29.0
        D:9 |    2256 |     728 |  24.4 |      26 |       4 |  13.3
            +---------+---------+-------+---------+---------+-------
